 Dungeon Crawl Stone Soup version 0.22.1-2-g9c5b331 (webtiles) character file.

3569 Yuikono the Spear-Bearer (level 10, -5/74 HPs)
             Began as a Merfolk Abyssal Knight on Dec 13, 2018.
             Was an Elder of Lugonu.
             Engulfed by a cloud of flame (36 damage)
             ... on level 8 of the Dungeon on Dec 14, 2018.
             The game lasted 00:46:34 (12927 turns).

Yuikono the Spear-Bearer (Merfolk Abyssal Knight)  Turns: 12927, Time: 00:46:36

Health: -5/74      AC: 12    Str: 14    XL:     10   Next: 9%
Magic:  16/17      EV: 13    Int: 11    God:    Lugonu [****..]
Gold:   475        SH:  0    Dex: 16    Spells: 14/17 levels left

rFire    x . .     SeeInvis .   E - +0 halberd
rCold    + . .     Gourm    .   (shield currently unavailable)
rNeg     . . .     Faith    .   p - +3 leather armour
rPois    .         Spirit   .   m - +2 hat
rElec    .         Reflect  .   (no cloak)
rCorr    .         Harm     +   a - +0 pair of gloves
MR       .....                  f - +2 pair of boots
Stlth    +++.......             G - amulet of harm
HPRegen  0.22/turn              i - ring of ice
MPRegen  0.15/turn              b - ring of stealth

@: no status effects
A: change form in water, swift swim, stealthy swim
a: Depart the Abyss, Bend Space, Banish, Corrupt, Renounce Religion


You were on level 8 of the Dungeon.
You worshipped Lugonu.
Lugonu was greatly pleased with you.
You were not hungry.

You visited 2 branches of the dungeon, and saw 10 of its levels.
You visited the Abyss 1 time.
You also visited: Ossuary.

You collected 475 gold pieces.

Inventory:

Hand Weapons
 q - the +2 short sword of Floods {antimagic, rF+ rN+ Dex+3 Stlth+}
   (You found it on level 5 of the Dungeon)

   It reduces the magical energy of the wielder, and disrupts the spells and
   magical abilities of those hit.
   Natural abilities and divine invocations are not affected.
   It affects your dexterity (+3).
   It protects you from fire.
   It protects you from negative energy.
   It makes you more stealthy.
 z - a +0 shortbow
 E - a +0 halberd (weapon)
Missiles
 e - 26 sling bullets
 j - 220 stones
 n - 53 bolts
 r - 155 arrows
 y - 13 poisoned needles
 B - 2 tomahawks (quivered)
 C - 2 needles of sleeping
Armour
 a - a +0 pair of gloves (worn)
 f - a +2 pair of boots (worn)
 m - a +2 hat (worn)
 p - a +3 leather armour (worn)
 w - a +0 robe of fire resistance
 D - a +2 ring mail of cold resistance
Jewellery
 b - a ring of stealth (right hand)
 i - a ring of ice (left hand)
 t - an uncursed amulet of magic regeneration
 G - an amulet of harm (around neck)
Wands
 k - a wand of random effects (68)
 l - a wand of polymorph (9)
 F - a wand of flame (3)
 L - a wand of paralysis (9)
Scrolls
 g - 3 scrolls of teleportation
 h - 2 scrolls of enchant weapon
 v - 2 scrolls of immolation
 H - a scroll of fog
 J - a scroll of identify
Potions
 d - a potion of lignification
 o - 2 potions of agility
 s - 3 potions of heal wounds {unknown}
 u - 3 potions of brilliance {unknown}
 x - 5 potions of haste {unknown}
 I - a potion of degeneration {unknown}
 K - 2 potions of invisibility {unknown}
Comestibles
 c - 19 rations


   Skills:
 - Level 5.2 Fighting
 - Level 12.0 Polearms
 - Level 0.6 Armour
 - Level 2.6 Dodging
 * Level 1.5 Stealth
 - Level 4.0 Spellcasting
 - Level 3.5 Conjurations
 + Level 9.4 Invocations


You had 14 spell levels left.
You knew the following spells:

 Your Spells              Type           Power        Failure   Level  Hunger
a - Magic Dart            Conj           ##..         7%          1    #......
b - Searing Ray           Conj           ##....       11%         2    ##.....

Your spell library contained the following spells:

 Spells                   Type           Power        Failure   Level  Hunger
 Throw Frost              Conj/Ice       #.....       22%         2    ##.....
 Freeze                   Ice            #...         30%         1    #......
 Dazzling Spray           Conj/Hex       #.....       41%         3    ###....
 Iskenderun's Mystic Bla  Conj           ##......     56%         4    #####..
 Ozocubu's Armour         Chrm/Ice       #.......     65%         3    ###....
 Force Lance              Conj/Tloc      #.......     82%         4    #####..
 Fulminant Prism          Conj/Hex       #.........   82%         4    #####..
 Throw Icicle             Conj/Ice       #.......     82%         4    #####..
 Summon Ice Beast         Ice/Summ       #.......     96%         4    #####..


Dungeon Overview and Level Annotations

Branches:
Dungeon (9/15)             Temple (1/1) D:6
   Lair: D:8-11         Orc: D:9-12

Altars:
Ashenzari
Cheibriados
Dithmenos
Elyvilon
Fedhas
Gozag
Hepliaklqana
Kikubaaqudgha
Makhleb
Nemelex Xobeh
Okawaru
Qazlal
Ru
Sif Muna
Uskayaw
Vehumet
Wu Jian
Xom
Yredelemnul
Zin
The Shining One

Shops:
D:4 %   D:7 (

Annotations:
D:6 1 runed door, Crazy Yiuf; RoboWizard's ghost, novice DrWz
Abyss:1 Sigmund


Message History

The yak gores you! x3
You climb upwards.
There is a stone staircase leading down here.
Unknown command.
The yak gores you but does no damage. The yak gores you.
The yak gores you but does no damage.
The yak snorts and paws the ground.
Really walk into a travel-excluded area?
Attack whom?
Press: ? - help, Dir - move target cursor, f - yak
Aim: a yak You reach to attack!
You hit the yak.
The yak is lightly wounded.
You hit the yak.
The yak is moderately wounded.
You hit the yak.
The yak is heavily wounded.
The yak gores you! Space bends around you!
You blink.
You are engulfed in blazing flames.
You die...

#########.####.####......#.#
####.# #.# #.# #..##.##.# ..##.#
#.####.####..##.##.#
#.##.####............##.##.#
#.#............####.###.##.#
#.#..>....###### #.# #.##.#
#.#)####Y.# ######.# #.##.# #.#.#
#..####......###.##.# #.#.#
#Y..<....@....##.##.# #.#.##
#..........#..##....######
#....###Y####..§..#..#####.##....
#.............§§§.#.....<.....###
##.>.###.##.Y..............####
##### #....##Y###########.#
#######§Y...........#
###############


You could see 2 yaks.

Vanquished Creatures
  A hippogriff (D:9)
  A yak (D:8)
  3 hogs (D:8)
  A human (D:8)
  A water moccasin (D:9)
  An orc warrior (D:6)
  A black bear (D:6)
  2 sky beasts
  2 ogres (D:8)
  2 centaurs
  3 elf zombies (Ossuary)
  2 bullfrogs (D:8)
  A water moccasin skeleton (D:6)
  A scorpion (D:6)
  4 killer bees (D:7)
  A howler monkey (D:4)
  2 bullfrog zombies
  2 crimson imps (D:7)
  A quasit (D:8)
  A human zombie (Ossuary)
  2 centaur zombies (Ossuary)
  7 hounds
  A jelly (D:5)
  2 orc priests
  An orc wizard (D:5)
  A centaur skeleton (D:6)
  2 iguanas
  6 worker ants
  A killer bee zombie (D:8)
  A big kobold zombie (Ossuary)
  2 mummies (Ossuary)
  14 adders
  3 gnolls (D:7)
  2 shadow imps
  2 oozes
  An adder zombie (D:5)
  An adder skeleton (D:7)
  2 dart slugs
  16 orcs
  A ball python (D:4)
  4 bats (D:2)
  6 giant cockroaches
  14 goblins
  6 hobgoblins
  12 jackals
  6 kobolds
  3 quokkas
  A ball python skeleton (D:4)
  5 frilled lizards
  A goblin zombie (Ossuary)
  8 hobgoblin zombies (Ossuary)
  2 jackal zombies (Ossuary)
  8 kobold zombies (Ossuary)
  A leopard gecko skeleton (D:4)
  9 orc zombies (Ossuary)
  2 quokka skeletons
  3 quokka zombies
  5 rats
  2 rat zombies (Ossuary)
199 creatures vanquished.

Vanquished Creatures (others)
  A fungus (D:6)
1 creature vanquished.

Grand Total: 200 creatures vanquished

Notes
Turn   | Place    | Note
-------+----------+-------------------------------------------
     0 | Abyss:1  | Yuikono the Merfolk Abyssal Knight began the quest for the
                  | Orb.
     0 | Abyss:1  | Reached XP level 1. HP: 18/18 MP: 2/2
    37 | Abyss:1  | Noticed a hell hog
    39 | D:1      | Escaped the Abyss
   273 | D:1      | Reached * piety under Lugonu
   324 | D:1      | Reached XP level 2. HP: 15/24 MP: 3/3
  1368 | D:2      | Reached skill level 4 in Polearms
  1509 | D:2      | Reached XP level 3. HP: 25/30 MP: 4/4
  1768 | D:2      | Found an iron altar of Okawaru.
  1906 | D:2      | Reached XP level 4. HP: 23/38 MP: 5/5
  2332 | D:2      | Reached skill level 5 in Polearms
  2696 | D:3      | Reached XP level 5. HP: 41/43 MP: 6/6
  2772 | D:3      | Reached skill level 5 in Fighting
  3010 | D:3      | Reached ** piety under Lugonu
  3386 | D:3      | Reached skill level 6 in Polearms
  3997 | D:4      | Found a snail-covered altar of Cheibriados.
  4025 | D:4      | Found a basalt altar of Yredelemnul.
  4076 | D:4      | Found Timoo's Food Shoppe.
  4534 | D:4      | Reached XP level 6. HP: 51/51 MP: 6/8
  4757 | D:4      | Found a stormy altar of Qazlal.
  4835 | D:4      | Reached skill level 7 in Polearms
  4895 | D:4      | Learned a level 1 spell: Magic Dart
  4898 | D:4      | Learned a level 2 spell: Searing Ray
  4901 | D:4      | Found an ancient bone altar of Kikubaaqudgha.
  5112 | D:4      | Reached XP level 7. HP: 55/56 MP: 9/9
  5173 | D:5      | Entered Level 5 of the Dungeon
  5393 | D:5      | Reached skill level 1 in Spellcasting
  5502 | D:5      | Reached skill level 1 in Conjurations
  5696 | D:5      | Reached *** piety under Lugonu
  5716 | D:5      | Got a bloodstained short sword
  5747 | D:5      | Found a shadowy altar of Dithmenos.
  6057 | D:5      | Reached skill level 8 in Polearms
  6329 | D:5      | Identified the +2 short sword of Floods {antimagic, rF+ rN+
                  | Dex+3 Stlth+} (You found it on level 5 of the Dungeon)
  6682 | D:6      | Noticed Sigmund
  7054 | D:6      | Found a runed door.
  7095 | D:6      | Reached XP level 8. HP: 39/62 MP: 11/11
  7468 | D:6      | Found a blossoming altar of Fedhas.
  7487 | D:6      | Found a staircase to the Ecumenical Temple.
  7496 | Temple   | Entered the Ecumenical Temple
  7712 | D:6      | Banished Sigmund
  7712 | D:6      | Reached skill level 5 in Invocations
  8022 | D:6      | Found a runed door.
  8023 | D:6      | Noticed RoboWizard's ghost (novice DrWz)
  8420 | D:6      | Found a glowing silver altar of Zin.
  8608 | D:6      | Reached skill level 9 in Polearms
  8835 | D:6      | Noticed Crazy Yiuf
  9721 | D:7      | Found a glowing golden altar of the Shining One.
 10188 | D:7      | Found a sparkling altar of Nemelex Xobeh.
 10337 | D:7      | Reached XP level 9. HP: 27/68 MP: 14/14
 10556 | D:7      | Found Noddu's Antique Weapon Emporium.
 11016 | D:8      | Found a sand-covered staircase.
 11051 | Ossuary  | Entered an ossuary
 11171 | Ossuary  | Reached **** piety under Lugonu
 11221 | Ossuary  | Reached skill level 10 in Polearms
 11636 | D:8      | Found a shimmering altar of Xom.
 11638 | D:8      | Found an ancient bone altar of Kikubaaqudgha.
 11638 | D:8      | Found a sparkling altar of Nemelex Xobeh.
 11640 | D:8      | Found a sacrificial altar of Ru.
 11640 | D:8      | Found a shimmering altar of Xom.
 11640 | D:8      | Found a sacrificial altar of Ru.
 11906 | D:8      | Found a radiant altar of Vehumet.
 12128 | D:8      | Reached skill level 11 in Polearms
 12648 | D:8      | Reached skill level 12 in Polearms
 12799 | D:9      | Reached skill level 1 in Stealth
 12799 | D:9      | Reached XP level 10. HP: 74/74 MP: 16/16
 12927 | D:8      | Engulfed by a cloud of flame

Skill      XL: |  1  2  3  4  5  6  7  8  9 10 |
---------------+-------------------------------+-----
Polearms       | 4 5 6 7 8 9 12 | 12.0
Fighting       | 4 5 |  5.2
Invocations    | 3 4 6 8 9 |  9.4
Spellcasting   | 2 3 4 |  4.0
Conjurations   | 1 3 |  3.5
Stealth        | 1 |  1.5
Armour         | |  0.6
Dodging        | |  2.6

Action                   |  1- 3 |  4- 6 |  7- 9 | 10-12 || total
-------------------------+-------+-------+-------+-------++-------
Melee: Spear             |   148 |   285 |   449 |       ||   882
       Halberd           |       |       |   307 |    23 ||   330
Throw: Stone             |     6 |     7 |    23 |       ||    36
       Tomahawk          |       |       |     1 |     1 ||     2
 Cast: Searing Ray       |       |       |     1 |       ||     1
       Magic Dart        |       |       |     1 |       ||     1
Invok: Depart the Abyss  |     1 |       |       |       ||     1
       Bend Space        |       |     2 |     2 |     1 ||     5
       Banish            |       |       |     1 |       ||     1
  Use: Scroll            |       |     8 |     7 |       ||    15
       Potion            |       |     2 |     1 |       ||     3
 Stab: Sleeping          |       |       |     2 |       ||     2
       Fleeing           |       |       |     1 |       ||     1
  Eat: Chunk             |     3 |     6 |    13 |       ||    22
       Ration            |       |     1 |     4 |       ||     5
Armor: Leather armour    |    42 |    69 |   231 |     6 ||   348
       Skin              |       |     5 |       |       ||     5
Dodge: Dodged            |    84 |   137 |   365 |    16 ||   602
